SAA
ATHLETIC CLUB KC ACADEMY @ BETHESDA ATOMS
07/25/2034
 
TOP OF THE 1ST
Athletic Club KC Academy batting - Pitching for Bethesda Atoms : RHP John A. Mais
Pitching: RHP John A. Mais
Batting: RHB John Ricks 0-0: Ball
1-0: Ball
2-0: Foul Ball, location: 2F
2-1: Ball
3-1: Base on Balls
Batting: RHB Jihan Tuah 0-0: Ball
1-0: Ball
2-0: Ball
3-0: Called Strike
3-1: Foul Ball, location: 2F
3-2: Foul Ball, location: 2F
3-2: SINGLE (Line Drive, 7LS)
John Ricks to second
Batting: RHB Travis Murphy 0-0: Ball
1-0: Foul Ball, location: 2F
1-1: Fielders Choice at 2nd, 6-4 (Groundball, 6M)
John Ricks to third
Batting: RHB Francisco Vargas 0-0: Called Strike
Travis Murphy steals 2nd base
0-1: Ball
1-1: Ground out 4-3 (Groundball, 4M)
John Ricks scores
Travis Murphy to third
Batting: RHB Jon Hall 0-0: Called Strike
0-1: Ball
1-1: Foul Ball, location: 2F
1-2: Foul Ball, location: 2F
1-2: Foul Ball, location: 2F
1-2: Strikes out swinging
Top of the 1st over - 1 run, 1 hit, 0 errors, 1 left on base; Athletic Club KC Academy 1 - Bethesda 0
BOTTOM OF THE 1ST
Bethesda Atoms batting - Pitching for Athletic Club KC Academy : RHP Mike Nyberg
Pitching: RHP Mike Nyberg
Batting: LHB Jorge Ortíz 0-0: Called Strike
0-1: Foul Ball, location: 2F
0-2: Ball
1-2: Fly out, F8 (Flyball, 8RM)
Batting: RHB Tomás Gonzáles 0-0: Ball
1-0: DOUBLE (Flyball, 89D)
Batting: LHB Gong Mao 0-0: Ball
1-0: Ball
2-0: Foul Ball, location: 2F
2-1: Foul Ball, location: 2F
2-2: Ball
3-2: Fly out, F7 (Flyball, 7S)
Batting: RHB Renato Zuvic 0-0: Called Strike
0-1: Ball
1-1: Called Strike
1-2: Foul Ball, location: 2F
1-2: Foul Ball, location: 2F
1-2: Ball
2-2: Ball
3-2: Strikes out swinging
Bottom of the 1st over - 0 runs, 1 hit, 0 errors, 1 left on base; Athletic Club KC Academy 1 - Bethesda 0
TOP OF THE 2ND
Athletic Club KC Academy batting - Pitching for Bethesda Atoms : RHP John A. Mais
Batting: RHB Wilton Banks 0-0: Called Strike
0-1: Ball
1-1: Fly out, F9 (Flyball, 9)
Batting: RHB Lester Wilson 0-0: Called Strike
0-1: Hit by Pitch
Batting: RHB David Lozano 0-0: Ball
1-0: Ball
2-0: Ball
3-0: Ground out 6-3 (Groundball, 6S)
Lester Wilson to second
Batting: RHB Ted Hansen 0-0: Called Strike
0-1: Ball
1-1: Called Strike
1-2: Ball
2-2: Ball
3-2: Ground out 5-3 (Groundball, 56)
Top of the 2nd over - 0 runs, 0 hits, 0 errors, 1 left on base; Athletic Club KC Academy 1 - Bethesda 0
BOTTOM OF THE 2ND
Bethesda Atoms batting - Pitching for Athletic Club KC Academy : RHP Mike Nyberg
Batting: LHB Sandor Addicks 0-0: Ball
1-0: Ground out 1-3 (Groundball, 13S)
Batting: RHB José Leyva 0-0: Ground out 6-3 (Groundball, 56)
Batting: RHB Enrique Ibarra 0-0: Ball
1-0: SINGLE (Line Drive, 9LM)
Batting: SHB Pedro Ortega 0-0: Ground out U3 (Groundball, 3)
Bottom of the 2nd over - 0 runs, 1 hit, 0 errors, 1 left on base; Athletic Club KC Academy 1 - Bethesda 0
TOP OF THE 3RD
Athletic Club KC Academy batting - Pitching for Bethesda Atoms : RHP John A. Mais
Batting: RHB John Ricks 0-0: Ball
1-0: Fly out, F7 (Flyball, 7LM)
Batting: RHB Jihan Tuah 0-0: SINGLE (Groundball, 4) (infield hit)
Batting: RHB Travis Murphy 0-0: Ball
1-0: Foul Ball, location: 2F
1-1: Ball
2-1: SINGLE (Flyball, 7S)
Jihan Tuah to second
Batting: RHB Francisco Vargas 0-0: Ball
1-0: SINGLE (Groundball, 34D)
Jihan Tuah to third
Travis Murphy to second
Batting: RHB Jon Hall 0-0: Fly out, F8 (Flyball, 8LD)
Runner from 3rd tags up, SCORES, throw made
Batting: RHB Wilton Banks 0-0: Ball
1-0: Called Strike
1-1: Foul Ball, location: 2F
1-2: Ground out 3-1 (Groundball, 34S)
Top of the 3rd over - 1 run, 3 hits, 0 errors, 2 left on base; Athletic Club KC Academy 2 - Bethesda 0
BOTTOM OF THE 3RD
Bethesda Atoms batting - Pitching for Athletic Club KC Academy : RHP Mike Nyberg
Batting: LHB Rob Rodríguez 0-0: Ball
1-0: Ball
2-0: Ball
3-0: Base on Balls
Batting: LHB Jorge Ortíz 0-0: Ball
1-0: SINGLE (Groundball, 4MD)
Rob Rodríguez to second
Runner from 2nd tries for 3rd, SAFE, no throw
Batting: RHB Tomás Gonzáles 0-0: Called Strike
Jorge Ortíz steals 2nd base
0-1: Foul Ball, location: 2F
0-2: Hit by Pitch
Batting: LHB Gong Mao 0-0: Called Strike
0-1: Foul Ball, location: 2F
0-2: Ball
Wild Pitch!
Rob Rodríguez scores
Jorge Ortíz to third
Tomás Gonzáles to second
1-2: Foul Ball, location: 2F
1-2: Foul Ball, location: 2F
1-2: Ball
2-2: DOUBLE (Line Drive, 9LM)
Jorge Ortíz scores
Tomás Gonzáles scores
Batting: RHB Renato Zuvic 0-0: Foul Ball, location: 2F
0-1: Ball
1-1: Foul Ball, location: 2F
1-2: Strikes out swinging, 2-3 out at first.
Batting: LHB Sandor Addicks 0-0: Ball
1-0: Ball
2-0: Called Strike
2-1: Foul Ball, location: 2F
2-2: Ball
3-2: Base on Balls
Batting: RHB José Leyva 0-0: Ball
1-0: Ball
2-0: SINGLE (Flyball, 7LS)
Gong Mao to third
Sandor Addicks to second
Runner from 3rd tries for Home, SAFE, no throw
Batting: RHB Enrique Ibarra 0-0: Ball
1-0: Reached via error on a dropped throw, E1
Sandor Addicks to third
José Leyva to second
Batting: SHB Pedro Ortega 0-0: Called Strike
0-1: Foul Ball, location: 2F
0-2: Ball
1-2: Strikes out swinging
Batting: LHB Rob Rodríguez 0-0: Foul Ball, location: 2F
0-1: DOUBLE (Flyball, 8RXD)
Sandor Addicks scores
José Leyva scores
Enrique Ibarra to third
Runner from 3rd tries for Home, SAFE, no throw
Batting: LHB Jorge Ortíz 0-0: Called Strike
0-1: Ball
1-1: Swinging Strike
1-2: Strikes out looking
Bottom of the 3rd over - 7 runs, 4 hits, 1 error, 1 left on base; Athletic Club KC Academy 2 - Bethesda 7
TOP OF THE 4TH
Athletic Club KC Academy batting - Pitching for Bethesda Atoms : RHP John A. Mais
Batting: RHB Lester Wilson 0-0: Ground out 5-3 (Groundball, 56)
Batting: RHB David Lozano 0-0: Ball
1-0: Ball
2-0: Foul Ball, location: 2F
2-1: Swinging Strike
2-2: Fly out, F7 (Flyball, 7)
Batting: RHB Ted Hansen 0-0: Called Strike
0-1: Foul Ball, location: 2F
0-2: Ball
1-2: Ball
2-2: Ball
3-2: SINGLE (Line Drive, 56)
Batting: RHB John Ricks 0-0: Ball
1-0: Foul Ball, location: 2F
1-1: SINGLE (Flyball, 9S)
Ted Hansen to second
Runner from 2nd tries for 3rd, SAFE, no throw
Batting: RHB Jihan Tuah 0-0: Called Strike
0-1: SINGLE (Line Drive, 7LS)
Ted Hansen scores
John Ricks to second
Batting: RHB Travis Murphy 0-0: Foul Ball, location: 2F
0-1: SINGLE (Groundball, 56D)
John Ricks to third
Jihan Tuah to second
Runner from 3rd tries for Home, SAFE, throw made home
Batting: RHB Francisco Vargas 0-0: Called Strike
0-1: Called Strike
0-2: Fielders Choice at 2nd, 6-4 (Groundball, 6)
Top of the 4th over - 2 runs, 4 hits, 0 errors, 2 left on base; Athletic Club KC Academy 4 - Bethesda 7
BOTTOM OF THE 4TH
Bethesda Atoms batting - Pitching for Athletic Club KC Academy : RHP Mike Nyberg
Batting: RHB Tomás Gonzáles 0-0: Ball
1-0: Called Strike
1-1: Swinging Strike
1-2: Strikes out looking
Batting: LHB Gong Mao 0-0: Foul Ball, location: 2F
0-1: Ball
1-1: Ball
2-1: Foul Ball, location: 2F
2-2: Ball
3-2: Ground out U3 (Groundball, 34)
Batting: RHB Renato Zuvic 0-0: Ball
1-0: Ball
2-0: Ball
3-0: Called Strike
3-1: Called Strike
3-2: Strikes out looking
Bottom of the 4th over - 0 runs, 0 hits, 0 errors, 0 left on base; Athletic Club KC Academy 4 - Bethesda 7
TOP OF THE 5TH
Athletic Club KC Academy batting - Pitching for Bethesda Atoms : RHP John A. Mais
Batting: RHB Jon Hall 0-0: Called Strike
0-1: Ground out 4-3 (Groundball, 34)
Batting: RHB Wilton Banks 0-0: Called Strike
0-1: Ball
1-1: Fly out, F4 (Line Drive, 4M)
Batting: RHB Lester Wilson 0-0: Ball
1-0: Fly out, F8 (Flyball, 8LD)
Top of the 5th over - 0 runs, 0 hits, 0 errors, 0 left on base; Athletic Club KC Academy 4 - Bethesda 7
BOTTOM OF THE 5TH
Bethesda Atoms batting - Pitching for Athletic Club KC Academy : RHP Mike Nyberg
Batting: LHB Sandor Addicks 0-0: Ball
1-0: Ball
2-0: Foul Ball, location: 2F
2-1: Called Strike
2-2: Ground out 4-3 (Groundball, 4)
Batting: RHB José Leyva 0-0: Ball
1-0: Fly out, F9 (Flyball, 8RS)
Batting: RHB Enrique Ibarra 0-0: SINGLE (Groundball, 4MD)
Pitching: LHP Augusto Martínez
Batting: SHB Pedro Ortega 0-0: Ball
1-0: Foul Ball, location: 2F
1-1: Called Strike
1-2: Foul Ball, location: 2F
1-2: Strikes out swinging
Bottom of the 5th over - 0 runs, 1 hit, 0 errors, 1 left on base; Athletic Club KC Academy 4 - Bethesda 7
TOP OF THE 6TH
Athletic Club KC Academy batting - Pitching for Bethesda Atoms : RHP John A. Mais
Batting: RHB David Lozano 0-0: Ball
1-0: Ground out 5-3 (Groundball, 56S)
Batting: RHB Ted Hansen 0-0: Ground out 4-3 (Groundball, 4)
Batting: RHB John Ricks 0-0: Ball
1-0: Called Strike
1-1: Fly out, F5 (Line Drive, 5)
Top of the 6th over - 0 runs, 0 hits, 0 errors, 0 left on base; Athletic Club KC Academy 4 - Bethesda 7
BOTTOM OF THE 6TH
Bethesda Atoms batting - Pitching for Athletic Club KC Academy : LHP Augusto Martínez
Batting: LHB Rob Rodríguez 0-0: Ball
1-0: Ball
2-0: Ball
3-0: Base on Balls
Batting: LHB Jorge Ortíz 0-0: Bunted foul
0-1: Bunt missed!
0-2: Ball
1-2: Ball
2-2: Grounds out, U3 (Groundball, 3L)
Batting: RHB Tomás Gonzáles 0-0: SINGLE (Groundball, 4S) (infield hit)
Rob Rodríguez to third
Batting: LHB Gong Mao 0-0: Called Strike
0-1: Ball
1-1: Hit by Pitch
Tomás Gonzáles to second
Batting: RHB Renato Zuvic 0-0: Ball
1-0: Foul Ball, location: 2F
1-1: Foul Ball, location: 2F
1-2: Strikes out swinging
Batting: LHB Sandor Addicks 0-0: Ball
1-0: Ground out 4-3 (Groundball, 4)
Bottom of the 6th over - 0 runs, 1 hit, 0 errors, 3 left on base; Athletic Club KC Academy 4 - Bethesda 7
TOP OF THE 7TH
Athletic Club KC Academy batting - Pitching for Bethesda Atoms : RHP John A. Mais
Batting: RHB Jihan Tuah 0-0: Ball
1-0: Ball
2-0: Ball
3-0: Called Strike
3-1: SINGLE (Line Drive, 8LS)
Batting: RHB Travis Murphy 0-0: Foul Ball, location: 2F
0-1: Called Strike
0-2: Ball
1-2: Ball
2-2: Ball
3-2: Fielders Choice at 2nd, 4-6 (Groundball, 4)
Batting: RHB Francisco Vargas 0-0: Ball
1-0: Ball
2-0: Called Strike
2-1: Fly out, F8 (Line Drive, 89M)
Pitching: RHP Elias Ijzendoorn
Batting: RHB Jon Hall 0-0: Called Strike
0-1: Swinging Strike
0-2: Strikes out swinging
Top of the 7th over - 0 runs, 1 hit, 0 errors, 1 left on base; Athletic Club KC Academy 4 - Bethesda 7
BOTTOM OF THE 7TH
Bethesda Atoms batting - Pitching for Athletic Club KC Academy : LHP Augusto Martínez
Batting: RHB José Leyva 0-0: Ground out 5-3 (Groundball, 56)
Batting: RHB Enrique Ibarra 0-0: Called Strike
0-1: Swinging Strike
0-2: Ball
1-2: Strikes out swinging
Batting: SHB Pedro Ortega 0-0: Called Strike
0-1: Ground out 6-3 (Groundball, 6)
Bottom of the 7th over - 0 runs, 0 hits, 0 errors, 0 left on base; Athletic Club KC Academy 4 - Bethesda 7
TOP OF THE 8TH
Athletic Club KC Academy batting - Pitching for Bethesda Atoms : RHP Elias Ijzendoorn
Batting: RHB Wilton Banks 0-0: Ball
1-0: Swinging Strike
1-1: Swinging Strike
1-2: Strikes out looking
Batting: RHB Lester Wilson 0-0: Ball
1-0: Ball
2-0: Foul Ball, location: 2F
2-1: Called Strike
2-2: Ball
3-2: Foul Ball, location: 2F
3-2: Base on Balls
Batting: RHB David Lozano 0-0: Fly out, F7 (Flyball, 7S)
Batting: RHB Ted Hansen 0-0: Swinging Strike
0-1: Ball
1-1: Called Strike
1-2: Foul Ball, location: 2F
1-2: Ball
2-2: Ball
3-2: Ground out 6-3 (Groundball, 6)
Top of the 8th over - 0 runs, 0 hits, 0 errors, 1 left on base; Athletic Club KC Academy 4 - Bethesda 7
BOTTOM OF THE 8TH
Bethesda Atoms batting - Pitching for Athletic Club KC Academy : LHP Augusto Martínez
Batting: LHB Rob Rodríguez 0-0: Ball
1-0: Foul Ball, location: 2F
1-1: Ball
2-1: Ball
3-1: Foul Ball, location: 2F
3-2: Base on Balls
Batting: LHB Jorge Ortíz 0-0: Sac Bunt - play at first, batter OUT! U3
Rob Rodríguez to second
Batting: RHB Tomás Gonzáles 0-0: Fly out, F9 (Flyball, 89S)
Batting: LHB Gong Mao 0-0: Ball
1-0: Called Strike
1-1: Foul Ball, location: 2F
1-2: Ball
2-2: Fly out, F9 (Flyball, 9)
Bottom of the 8th over - 0 runs, 0 hits, 0 errors, 1 left on base; Athletic Club KC Academy 4 - Bethesda 7
TOP OF THE 9TH
Athletic Club KC Academy batting - Pitching for Bethesda Atoms : RHP Elias Ijzendoorn
Pitching: LHP Dennis Bly
Batting: RHB John Ricks 0-0: Foul Ball, location: 2F
0-1: Fly out, F8 (Flyball, 8LXD)
Batting: RHB Jihan Tuah 0-0: Called Strike
0-1: Ball
1-1: Fly out, F5 (Popup, 25F)
Batting: RHB Travis Murphy 0-0: Ball
1-0: Foul Ball, location: 2F
1-1: Ball
2-1: SINGLE (Groundball, 34D)
Batting: RHB Francisco Vargas 0-0: Ball
1-0: Ball
2-0: Ball
3-0: Called Strike
3-1: Ground out 6-3 (Groundball, 6M)
Top of the 9th over - 0 runs, 1 hit, 0 errors, 1 left on base; Athletic Club KC Academy 4 - Bethesda 7
Friday, March 29th, 2019 - OOTP Baseball 18.8 Build 76